 Seeded DCSS version 0.30.1-11-g7821555f0a (webtiles) character file.

Game seed: 5 (custom seed)

3884 Kazon the Sneak (level 10, -4/56 HPs)
             Began as a Vampire Gladiator on Dec 5, 2023.
             Was an Elder of Makhleb.
             Slain by a polar bear (16 damage)
             ... on level 8 of the Dungeon.
             The game lasted 00:26:00 (4807 turns).

Kazon the Sneak (Vampire Gladiator)                 Turns: 4807, Time: 00:26:01

Health: -4/56      AC:  8    Str: 15    XL:     10   Next: 0%
Magic:  0/7        EV:  8    Int: 11    God:    Makhleb [****..]
Gold:   378        SH: 15    Dex: 24    Spells: 9/9 levels left

rFire   + . .        a - +9 rapier of Urgency {antimagic, rElec rF+}
rCold   + + .        c - +0 tower shield
rNeg    + + +        N - +0 scale mail
rPois   ∞            i - +0 helmet
rElec   +            (no cloak)
rCorr   .            M - +0 pair of gloves
SInv    +            (no boots)
Will    +....        C - amulet of guardian spirit
Stlth   +++++        r - ring of magical power
HPRegen 0.00/turn    w - +6 ring of dexterity
MPRegen 0.10/turn

%: guardian spirit
@: bloodless, inhibited regen
A: bloodless, fangs 3, see invisible, vampiric 2
a: Bat Form, Revivify, Renounce Religion, Minor Destruction, Lesser Servant of
Makhleb, Major Destruction


You were on level 8 of the Dungeon.
You worshipped Makhleb.
Makhleb was greatly pleased with you.
You visited 2 branches of the dungeon, and saw 9 of its levels.
You also visited: Ossuary.

You collected 378 gold pieces.

Inventory:

Hand Weapons
 a - the +9 rapier of Urgency (weapon) {antimagic, rElec rF+}
   (You acquired it on level 1 of the Dungeon)

   rF:        It protects you from fire.
   rElec:     It insulates you from electricity.
 e - a +2 vampiric dagger
 f - a +0 hand axe of flaming
 v - a +0 vampiric hand axe
Missiles
 d - 3 throwing nets
 k - 11 boomerangs (quivered)
 m - 11 poisoned darts
 q - a javelin
Armour
 c - a +0 tower shield (worn)
 i - a +0 helmet (worn)
 M - a +0 pair of gloves (worn)
 N - a +0 scale mail (worn)
Jewellery
 r - a ring of magical power (left hand)
 w - a +6 ring of dexterity (right hand)
 C - an amulet of guardian spirit (around neck)
Wands
 z - a wand of paralysis (8)
Scrolls
 g - a scroll of fog {unknown}
 l - 5 scrolls of identify {unknown}
 n - 2 scrolls of magic mapping {unknown}
 p - a scroll of blinking {unknown}
 s - 2 scrolls of summoning {unknown}
 t - 2 scrolls of teleportation {unknown}
 x - a scroll of amnesia {unknown}
 A - a scroll of torment {unknown}
 E - a scroll of poison {unknown}
 G - a scroll of enchant armour {unknown}
 K - 2 scrolls of fear {unknown}
 L - a scroll of enchant weapon {unknown}
Potions
 b - a potion of magic
 h - a potion of resistance {unknown}
 j - 3 potions of curing
 o - 5 potions of flight {unknown}
 u - a potion of invisibility
 B - a potion of lignification {unknown}
 D - 4 potions of attraction {unknown}
 F - 4 potions of heal wounds {unknown}
 H - a potion of haste {unknown}
 I - 2 potions of brilliance {unknown}
 J - a potion of berserk rage


   Skills:
 + Level 3.1 Fighting
 + Level 7.3 Short Blades
 * Level 4.4 Axes
 + Level 4.3 Throwing
 + Level 2.7 Armour
 + Level 4.9 Dodging
 + Level 7.9 Stealth
 + Level 3.1 Shields
 * Level 4.5 Invocations
 * Level 3.8 Evocations


You had 9 spell levels left.
You didn't know any spells.
Your spell library contained the following spells:

 Spells                   Type           Power      Damage    Failure   Level
 Frozen Ramparts          Ice            0%         1d1       100%        3
 Ignite Poison            Fire/Tmut/Pois 0%         N/A       100%        3
 Ice Form                 Ice/Tmut       0%         N/A       100%        4
 Sticky Flame             Conj/Fire      0%         2d3       100%        4
 Summon Ice Beast         Ice/Summ       0%         N/A       100%        4
 Summon Forest            Summ/Tloc      0%         N/A       100%        5
 Eringya's Noxious Bog    Tmut/Pois      0%         N/A       100%        6
 Summon Hydra             Summ           0%         N/A       100%        7
 Ignition                 Fire           0%         3d3       100%        8


Dungeon Overview and Level Annotations

Branches:
Dungeon (8/15)             Temple (1/1) D:4         Ossuary (visited)
   Lair: D:8-11

Altars:
Dithmenos
Fedhas
Gozag
Hepliaklqana
Makhleb
Okawaru
Qazlal
Wu Jian
Xom


Innate Abilities, Weirdness & Mutations

You do not regenerate when monsters are visible.
You are frail without blood (-20% HP).
You can heal yourself when you bite living creatures.
You are immune to poison.
You have razor-sharp teeth.
You have supernaturally acute eyesight. (SInv)
You are afflicted with vampirism and can become a bat while bloodless.


Message History

You closely miss the polar bear.
The polar bear is heavily wounded.
You block the polar bear's attack.
The polar bear claws you but does no damage.
You block the polar bear's attack. x2; The polar bear barely misses you.
The polar bear claws you but does no damage.
You barely miss the polar bear.
The polar bear is heavily wounded.
The polar bear bites you but does no damage.
The polar bear claws you but does no damage. x2
You barely miss the polar bear.
The polar bear is heavily wounded.
The polar bear bites you. You block the polar bear's attack.
The polar bear claws you but does no damage.
Okay, then.
Unknown command.
Okay, then.
You completely miss the polar bear. Your bite misses the polar bear.
The polar bear is heavily wounded.
You block the polar bear's attack. x3
You closely miss the polar bear.
The polar bear is heavily wounded.
The polar bear bites you.
* * * LOW HITPOINT WARNING * * *
You block the polar bear's attack. x3
The polar bear claws you but does no damage. x2
You barely miss the polar bear.
The polar bear is heavily wounded.
You block the polar bear's attack. The polar bear barely misses you.
You block the polar bear's attack.
You hit the polar bear.
The polar bear is severely wounded.
You block the polar bear's attack.
The polar bear claws you but does no damage.
You block the polar bear's attack.
You puncture the polar bear!
You bite the polar bear, but do no damage.
The polar bear is almost dead.
The polar bear bites you!
You die...

.......#
.......#
#......
#.....## #
##..8...
..#.#.....#
.......h..#
#.....@.#
#..####<#
#.# ...
..### ##.
.. .# #.


You could see a polar bear.

Vanquished Creatures
  A two-headed ogre (D:7)
  Sigmund (D:4)
  Duvessa (D:6)
  A water moccasin (D:6)
  A sky beast (D:7)
  3 black bears
  2 centaurs
  2 ogres
  An elf zombie (Ossuary)
  A kobold brigand (D:7)
  3 scorpions
  10 wights (D:7)
  4 killer bees (D:7)
  Dowan (D:6)
  A howler monkey (D:6)
  A vampire bat (D:7)
  6 hounds
  A centaur zombie (Ossuary)
  3 orc priests (D:6)
  3 human zombies (Ossuary)
  A jelly (D:5)
  6 iguanas
  4 orc wizards (D:6)
  4 ogre zombies (Ossuary)
  7 mummies (Ossuary)
  4 gnolls (D:5)
  9 adders
  2 ufetubi
  A worm zombie (D:7)
  2 adder zombies (Ossuary)
  3 worms
  16 orcs
  12 bats
  9 endoplasms
  A giant cockroach (D:1)
  12 goblins
  7 hobgoblins
  11 jackals
  10 kobolds
  3 quokkas (D:4)
  6 ball pythons
  3 frilled lizards
  4 goblin zombies (Ossuary)
  6 hobgoblin zombies
  3 kobold zombies
  4 quokka zombies (Ossuary)
  4 rats
  4 rat zombies (Ossuary)
205 creatures vanquished.

Notes
Turn   | Place    | Note
-------+----------+-------------------------------------------
     0 | D:1      | Kazon the Vampire Gladiator began the quest for the Orb.
     0 | D:1      | Reached XP level 1. HP: 16/16 MP: 1/1
    43 | D:1      | Identified a scroll of acquirement
    43 | D:1      | Acquired the +9 rapier of Urgency {antimagic, rElec rF+}
    77 | D:1      | Reached XP level 2. HP: 22/22 MP: 0/2
   372 | D:1      | Gained mutation: You are afflicted with vampirism and can
                  | become a bat while bloodless. [Vampire growth]
   372 | D:1      | Reached XP level 3. HP: 21/21 MP: 1/3
   809 | D:2      | Reached skill level 1 in Stealth
  1012 | D:2      | Reached XP level 4. HP: 7/26 MP: 1/4
  1258 | D:2      | Reached skill level 1 in Armour
  1533 | D:3      | Found a blossoming altar of Fedhas.
  1701 | D:3      | Found a stormy altar of Qazlal.
  1781 | D:3      | Identified the +2 sling "Qeuhanocyt" {speed, rElec Str-3
                  | Dex+2}
  1800 | D:3      | Found a faded altar of an unknown god.
  1974 | D:4      | Found a staircase to the Ecumenical Temple.
  1983 | Temple   | Entered the Ecumenical Temple
  2000 | Temple   | Became a worshipper of Makhleb the Destroyer
  2116 | D:4      | Noticed a scorpion
  2119 | D:4      | Killed a scorpion
  2120 | D:4      | Reached XP level 5. HP: 30/30 MP: 4/5
  2335 | D:4      | Noticed a black bear
  2354 | D:4      | Killed a black bear
  2355 | D:4      | Reached skill level 1 in Invocations
  2355 | D:4      | Reached XP level 6. HP: 8/35 MP: 5/6
  2357 | D:4      | Found a hazy altar of Hepliaklqana.
  2359 | D:4      | Found a shadowy altar of Dithmenos.
  2360 | D:4      | Noticed a shadow
  2431 | D:4      | Noticed Sigmund
  2434 | D:4      | Killed Sigmund
  2435 | D:4      | Reached skill level 1 in Shields
  2498 | D:4      | Reached skill level 1 in Axes
  2498 | D:4      | Reached skill level 1 in Evocations
  2498 | D:4      | Reached XP level 7. HP: 40/40 MP: 5/8
  2724 | D:5      | Entered Level 5 of the Dungeon
  2765 | D:5      | Reached skill level 5 in Stealth
  2864 | D:5      | Reached * piety under Makhleb
  2865 | D:5      | Reached skill level 5 in Short Blades
  3130 | D:6      | Noticed Dowan
  3132 | D:6      | Noticed Duvessa
  3140 | D:6      | Killed Duvessa
  3141 | D:6      | Reached XP level 8. HP: 28/44 MP: 4/9
  3147 | D:6      | Killed Dowan
  3261 | D:6      | Found a shimmering altar of Xom.
  3565 | D:7      | Found a sand-covered staircase.
  3569 | D:7      | Reached ** piety under Makhleb
  3573 | Ossuary  | Entered an ossuary
  3901 | Ossuary  | Reached XP level 9. HP: 25/49 MP: 3/11
  4061 | D:7      | Noticed a two-headed ogre
  4064 | D:7      | Killed a two-headed ogre
  4110 | D:7      | Reached *** piety under Makhleb
  4140 | D:7      | HP: 1/49 [killer bee (6)]
  4146 | D:7      | HP: 2/49 [centaur (3)]
  4693 | D:7      | Reached **** piety under Makhleb
  4694 | D:7      | Reached XP level 10. HP: 50/56 MP: 7/13
  4807 | D:8      | Slain by a polar bear

Illustrated notes

Levels and vault maps discovered:
D:1:      ebering_trefoil_3fold, layout_basic, st_stairs_14, serial_bayou_ford_a
D:2:      layout_basic, hangedman_decor_growths, minmay_close_crescents
D:3:      layout_rooms, mainiacjoe_overflow_concentric_impassable,
          mainiacjoe_overflow_paths, shapermc_ecumenical_altar_acropolis,
          chequers_serial_rivers_micro_b
D:4:      layout_basic, riverfiend_overflow_shadow_ancestor,
          minmay_temple_entry_glass, uniq_sigmund
D:5:      layout_gridville
D:6:      layout_basic, xom_teletrap_fun, uniq_duvessa
D:7:      layout_loops_ring, enter_ossuary_3, roderic_batcave
D:8:      layout_layer_cave, minmay_lair_entry_grove, serial_shops,
          nicolae_lakefront_shop, serial_ice, serial_ice_o, serial_ice_d,
          serial_ice_k, serial_ice_a
Temple:   nicolae_temple_elliptical

Skill      XL: |  1  2  3  4  5  6  7  8  9 |
---------------+----------------------------+-----
Throwing       | 2 3 4 |  4.3
Stealth        | 2 3 4 5 6 7 |  7.9
Short Blades   | 4 5 6 7 |  7.3
Dodging        | 4 |  4.9
Armour         | 1 2 |  2.7
Fighting       | 2 3 |  3.1
Invocations    | 1 2 3 4 |  4.5
Shields        | 1 2 3 |  3.1
Axes           | 1 2 4 |  4.4
Evocations     | 1 2 3 |  3.8

Action                     |  1- 3 |  4- 6 |  7- 9 | 10-12 || total
---------------------------+-------+-------+-------+-------++-------
  Melee: Rapier            |    79 |    69 |   282 |    18 ||   448
         Bite              |     5 |     4 |    30 |     3 ||    42
  Throw: Stone             |       |     1 |    53 |       ||    54
         Dart              |       |       |     7 |       ||     7
Ability: Exsanguinate      |     1 |       |       |       ||     1
    Use: Scroll            |     2 |       |       |       ||     2
         Potion            |     1 |       |     3 |       ||     4
   Stab: Sleeping          |    12 |    20 |    33 |       ||    65
         Invisible         |       |       |     4 |       ||     4
 Armour: Leather armour    |    22 |    16 |    21 |       ||    59
         Scale mail        |       |       |    14 |    13 ||    27
  Dodge: Dodged            |    35 |    15 |    80 |     9 ||   139
  Block: Tower shield      |    33 |    35 |   194 |    23 ||   285
